 Dungeon Crawl Stone Soup version 0.8.0-170-g5a2df49 character file.

87917 SloppyApplesause the Archer (level 16, -2/127 HPs)
             Began as a Human Hunter on May 29, 2011.
             Was a Priest of Okawaru.
             Slain by a large abomination (33 damage)
             ... in The Abyss.
             The game lasted 04:02:35 (41646 turns).

SloppyApplesause the Archer (Human Hunter)         Turns: 41646, Time: 04:02:36

HP  -2/127       AC 16     Str 16 Exp: 16/124955 (2), need: 18045
MP  25/25        EV 19     Int 18      God: Okawaru [***...]
Gold 449         SH  0     Dex 17      Spells:  2 memorised, 16 levels left

Res.Fire  : . . .   See Invis. : +   a - +5,+4 scimitar (flame)
Res.Cold  : . . .   Warding    : . . x - +2 orc ring mail {rPois}
Life Prot.: . . .   Conserve   : +   (no shield)
Res.Acid. : + . .   Res.Corr.  : +   w - +1 helmet {Int+3} {god gift}
Res.Poison: +       Clarity    : .   W - +2 cloak {rCorr, Cons} {god gift}
Res.Elec. : .       Spirit.Shd : .   U - +2 pair of gauntlets {Str+3} {god gift}
Sust.Abil.: . .     Stasis     : .   (no boots)
Res.Mut.  : +       Ctrl.Telep.: .   q - amulet of resist mutation
Res.Rott. : .       Levitation : .   D - ring of see invisible
Saprovore : . . .   Ctrl.Flight: .   n - +2 ring of evasion

@: about to teleport, somewhat resistant to hostile enchantments, stealthy
A: Int +1
a: Heroism, Renounce Religion


You were in the Abyss.
You worshipped Okawaru.
Okawaru was greatly pleased with you.
You were not hungry.

You visited 4 branches of the dungeon, and saw 26 of its levels.
You visited the Abyss 1 time.
You visited 3 portal chambers: sewer, ossuary, volcano.

You collected 2601 gold pieces.
You spent 2172 gold pieces at shops.

Inventory:

Hand weapons
 a - a +5,+4 scimitar of flaming (weapon)
 c - a +6,+0 great sword of slicing {god gift}
 e - a +0,+6 bow of velocity
 p - a +2,+1 orcish war axe of distortion
Missiles
 o - 41 +0 arrows
 t - 16 +3 arrows
 B - 10 poisoned +3 arrows {god gift}
 N - 14 +4 arrows of flame {god gift}
 Z - 9 +1 arrows of dispersal {god gift}
Armour
 w - a +1 helmet of intelligence (worn) {god gift}
 x - a +2 orcish ring mail of poison resistance (worn)
 G - a +0 wizard hat
 I - the +2 pair of boots of the Lobster {Dex+3 Stlth--}
   (You found it on level 2 of the Lair of Beasts)

   It affects your dexterity (+3).
   It makes you much less stealthy.
 P - a +1 buckler of poison resistance {god gift}
 T - a +2 robe of resistance {god gift}
 U - a +2 pair of gauntlets of strength (worn) {god gift}
 W - a +2 cloak of preservation (worn) {god gift}
Magical devices
 r - a wand of cold (1)
 u - a wand of cold (7)
 z - a wand of disintegration (0)
 J - a wand of frost (17)
 L - a wand of cold (9)
 M - a wand of lightning (4)
 V - a wand of slowing (8)
 Y - a wand of digging (0)
Comestibles
 f - 3 bread rations
Scrolls
 b - a scroll of vorpalise weapon {unknown}
 g - 4 scrolls of identify
 h - 2 scrolls of remove curse
 i - a scroll of vulnerability
 l - 2 scrolls of detect curse
 A - 2 scrolls of blinking
 H - 4 scrolls of enchant weapon I
 R - a scroll of fear
Jewellery
 d - an uncursed amulet of clarity
 k - an uncursed ring of invisibility
 m - an uncursed amulet of the gourmand
 n - a +2 ring of evasion (left hand)
 q - an amulet of resist mutation (around neck)
 s - a +1 ring of evasion
 y - a cursed amulet of resist corrosion
 D - a ring of see invisible (right hand)
 O - an uncursed amulet of faith
Potions
 j - 2 potions of agility
 E - 2 potions of resistance
 F - 2 potions of berserk rage
 K - a potion of might
 Q - a potion of invisibility
 S - a potion of cure mutation You had 2 experience left.


   Skills:
 + Level 12 Fighting
 - Level 7 Short Blades
 + Level 13 Long Blades
 + Level 14 Bows
 - Level 7 Armour
 - Level 12 Dodging
 + Level 6 Stealth
 + Level 2 Stabbing
 + Level 4 Traps & Doors
 + Level 3 Unarmed Combat
 + Level 3 Spellcasting
 + Level 5 Charms
 + Level 5 Air Magic
 - Level 7 Invocations
 - Level 2 Evocations


You had 16 spell levels left.
You knew the following spells:

 Your Spells              Type           Power        Success   Level  Hunger
a - Repel Missiles        Air/Chrm       ####......   Great       2    Choko
b - Berserker Rage Chrm   N/A            Very         Good        3    Choko

Dungeon Overview and Level Annotations

Branches:
Dungeon (13/27)            Temple (0/1) D:5             Orc (4/4) D:7
    Elf (1/5) Orc:4          Lair (8/8) D:13          Swamp (0/5) Lair:2
 Shoals (0/5) Lair:6        Slime (0/6) Lair:7
   Hive: D:11-16

Altars:
Makhleb
Okawaru
Sif Muna
Xom
Yredelemnul

Shops:
D:4: ( D:6: * D:8: ? D:9: ! Orc:3: ( Orc:4: **[/

Annotations
Lair:8 exclusion: oklob plant


Innate Abilities, Weirdness & Mutations

Your mind is acute (Int +1).


Message History

You feel better. The large abomination misses you.
Evoke which item? (* to show all) (? for menu, Esc to quit)
Zapping:
z - a wand of disintegration (1)
Press: ? - help, Shift-Dir - straight line You hear a grinding noise.
This wand has 0 charges left.
The large abomination hits you!
You die...

▒▒▒
▒∙▒
▒@▒
▒▒X▒
▒▒


You could see a large abomination.

Vanquished Creatures
  An orc warlord (Orc:2)
  A minotaur (Port)
  Erica (D:11)
  Harold (D:10)
  A hydra (Lair:5)
  2 ogre magi (Orc:4)
  An orc high priest (Orc:4)
  The ghost of Nuz the Arsonist, a powerful DEFE of Vehumet (D:10)
  A centaur warrior (D:13)
  14 death yaks (Lair:8)
  2 griffons
  Erolcha (D:9)
  An elf (shapeshifter) (D:9)
  The ghost of morazor the Conjurer, an experienced NaWz of Vehumet (D:8)
  An ice statue (Lair:1)
  5 hill giants
  A white draconian skeleton (Abyss)
  Pikel (D:5)
  A wizard (Abyss)
  An orc knight (Orc:3)
  An orc sorcerer (Orc:3)
  Joseph (D:8)
  Urug (D:10)
  3 cyclopes (Orc:4)
  A large large abomination (Abyss)
  2 trapdoor spiders
  Maurice (D:9)
  A wolf spider zombie (D:13)
  2 wolf spiders
  6 black mambas
  2 elephant slugs (Lair:8)
  17 spiny frogs
  8 elephants
  10 slime creatures
  2 rock trolls (Orc:4)
  A queen ant (D:10)
  2 hellwings
  A human (D:7)
  The ghost of benloran the Ruinous, an experienced MDWz of Okawaru (D:6)
  An iron devil (D:5)
  2 smoke demons (D:9)
  Grinder (D:3)
  Sonja (D:13)
  Prince Ribbit (D:9)
  A queen bee (shapeshifter) (D:9)
  3 komodo dragons
  4 polar bears
  7 two-headed ogres (Orc:4)
  11 trolls
  12 blink frogs
  20 giant toads
  24 yaks
  Edmund (D:6)
  3 neqoxecs (Abyss)
  Eustachio (Orc:2)
  4 sharks (Lair:6)
  5 golden eyes (Abyss)
  Grum (D:8)
  7 soldier ants (D:10)
  A ynoxinul (Abyss)
  A deep elf summoner (Elf:1)
  2 hippogriffs
  A fire drake (Lair:6)
  A hungry ghost (D:11)
  2 war dogs (D:8)
  A manticore (D:12)
  16 vampire mosquitoes (Lair:8)
  3 slaves
  4 necrophages
  A deep elf priest (Elf:1)
  3 sky beasts
  30 orc warriors
  A phantom (D:8)
  A yellow wasp (D:10)
  10 ice beasts
  15 centaurs
  7 crocodiles
  5 gila monsters
  30 ogres
  A rotting devil (Abyss)
  3 small abominations (Abyss)
  Duvessa (D:8)
  3 boring beetles (Lair:8)
  A yellow wasp zombie (D:13)
  8 giant slugs
  21 big kobolds
  A wolf (Lair:3)
  5 giant leeches
  4 wargs
  A soldier ant zombie (D:13)
  18 water moccasins
  7 agate snails
  18 giant frogs
  3 eyes of draining
  8 wights (D:11)
  12 killer bees
  6 jellyfish
  A boulder beetle (Lair:8)
  5 electric eels (Lair:8)
  4 goliath beetles
  9 imps
  5 big fish
  Dowan (D:8)
  4 iron imps (Abyss)
  8 hounds
  2 hound zombies
  A quasit (D:11)
  A hound skeleton (D:4)
  19 orc wizards
  6 iguanas
  27 orc priests
  An orange rat (Orc:4)
  3 scorpions
  29 worker ants
  6 porcupines
  A deep elf soldier (Orc:4)
  A worker ant zombie (D:6)
  Ijyb (D:3)
  3 jellies
  11 mummies
  3 gnolls (D:7)
  2 midges
  3 giant centipedes
  31 green rats
  5 lemures
  13 snakes
  An iguana zombie (D:8)
  A shadow imp (D:11)
  5 white imps
  9 giant mites
  A snake skeleton (D:4)
  8 ufetubi
  11 worms
  A giant eyeball (D:10)
  27 grey rats
  17 giant geckos
  4 green rat zombies (D:11)
  5 oozes
  189 orcs
  11 giant cockroaches
  30 goblins
  15 hobgoblins
  23 jackals
  34 megabats
  2 giant gecko skeletons
  7 giant newts
  A giant spore (D:9)
  5 goblin skeletons (Port)
  7 grey rat zombies (D:11)
  46 kobolds
  2 kobold skeletons (Port)
  An orc skeleton (Port)
  14 quokkas
  43 rats
  11 rat skeletons (Port)
  7 rat zombies (D:11)
  6 small snakes
  8 ballistomycetes
  3 bushes
  7 fungi
  19 plants
  14 toadstools
1269 creatures vanquished.

Vanquished Creatures (others)
  2 slime creatures (D:13)
  A water moccasin (Lair:4)
  2 giant frogs
  A giant centipede (D:10)
  An ufetubus (Abyss)
  4 orcs
  A giant cockroach (D:5)
  2 jackals (Lair:4)
  A quokka (Lair:2)
  A giant spore (D:10)
  2 goblins
  A bush (Abyss)
  11 fungi (Lair:8)
  12 plants (Lair:8)
  10 toadstools
52 creatures vanquished.

Grand Total: 1321 creatures vanquished

Notes
Turn   | Place    | Note
--------------------------------------------------------------
     0 | D:1      | SloppyApplesause, the Human Hunter, began the quest for the Orb.
     0 | D:1      | Reached XP level 1. HP: 13/13 MP: 0/0
   294 | D:1      | Reached XP level 2. HP: 13/18 MP: 1/1
   792 | D:1      | Reached XP level 3. HP: 24/24 MP: 2/2
  1593 | D:2      | Reached XP level 4. HP: 29/29 MP: 3/3
  1597 | D:2      | Reached skill level 1 in Short Blades
  1597 | D:2      | Reached skill level 1 in Armour
  2503 | D:3      | Noticed Ijyb
  2523 | D:3      | Defeated Ijyb
  2523 | D:3      | Reached XP level 5. HP: 35/37 MP: 4/4
  3122 | D:3      | Found a deep blue altar of Sif Muna.
  3126 | D:3      | Noticed Grinder
  3230 | D:4      | Found Moulliku's Weapon Shoppe.
  3383 | D:4      | Reached XP level 6. HP: 24/42 MP: 5/5
  3504 | D:4      | Found an iron altar of Okawaru.
  3528 | D:4      | Became a worshipper of Warmaster Okawaru
  3943 | D:4      | Reached skill level 1 in Spellcasting
  4273 | D:3      | Paralysed by Grinder for 3 turns
  4278 | D:3      | Paralysed by Grinder for 7 turns
  4288 | D:3      | Paralysed by Grinder for 5 turns
  4427 | D:4      | Bought a +0,+6 bow of velocity for 227 gold pieces
  4634 | D:5      | Entered Level 5 of the Dungeon
  4634 | D:5      | Noticed Pikel
  5142 | D:5      | Found a staircase to the Ecumenical Temple.
  5270 | D:5      | Reached XP level 7. HP: 50/50 MP: 7/7
  5308 | D:5      | Acquired Okawaru's first power
  5649 | D:5      | Reached skill level 5 in Bows
  5710 | D:5      | Got a dazzling dagger
  5711 | D:5      | Identified the dagger of Trog {stab, rF+ rC+} (You found it on level 5 of the Dungeon)
  5733 | D:5      | Reached XP level 8. HP: 52/55 MP: 8/9
  5939 | D:5      | Found a glowing drain. 5954
                  | sewer
                  | Entered the sewers 6568
                  | sewer
                  | Reached skill level 5 in Armour
  7104 | D:5      | Defeated Pikel
  7104 | D:5      | Reached XP level 9. HP: 30/64 MP: 10/10
  7395 | D:3      | Defeated Grinder
  7503 | D:6      | Noticed Edmund
  7525 | D:6      | Reached skill level 6 in Bows
  7926 | D:6      | Noticed benloran's ghost (experienced MDWz)
  7931 | D:6      | Defeated benloran's ghost
  8093 | D:6      | Reached skill level 1 in Invocations
  8134 | D:6      | Found Caadaffi's Assorted Antiques.
  8139 | D:6      | Bought a potion of heal wounds for 72 gold pieces
  8139 | D:6      | Bought a scroll labeled QYGITA NAFUEF for 24 gold pieces
  8783 | D:6      | Found a sand-covered staircase. 8795
                  | ossuary
                  | Entered a tomb 8949
                  | ossuary
                  | Reached skill level 1 in Traps & Doors
  9744 | D:6      | Reached skill level 1 in Evocations
  9749 | D:6      | Defeated Edmund
 10027 | D:7      | Found a basalt altar of Yredelemnul.
 10081 | D:7      | Reached skill level 5 in Fighting
 10154 | D:7      | Reached XP level 10. HP: 40/72 MP: 12/12
 10353 | D:7      | Reached skill level 1 in Stabbing
 11081 | D:7      | Found a staircase to the Orcish Mines.
 11113 | D:7      | Reached skill level 7 in Fighting
 11423 | Orc:1    | Entered Level 1 of the Orcish Mines
 11747 | D:7      | Reached skill level 5 in Dodging
 12358 | Orc:1    | Reached skill level 5 in Short Blades
 12363 | Orc:1    | Acquired Okawaru's second power
 13753 | Orc:2    | Noticed Eustachio
 13765 | Orc:2    | Defeated Eustachio
 13962 | Orc:3    | Reached skill level 8 in Fighting
 14007 | D:8      | Noticed Joseph
 14026 | D:8      | Defeated Joseph
 14131 | D:8      | Noticed morazor's ghost (experienced NaWz)
 14229 | D:8      | Noticed Duvessa
 14232 | D:8      | Noticed Dowan
 14244 | D:8      | Defeated Dowan
 14246 | D:8      | Defeated Duvessa
 14533 | D:8      | Found Gimykeu's Magic Scroll Shoppe.
 14538 | D:8      | Noticed Grum
 14577 | D:8      | Defeated Grum
 14577 | D:8      | Reached XP level 11. HP: 51/85 MP: 16/17
 15277 | D:8      | Got a slimy hand axe
 15389 | D:8      | Reached skill level 9 in Fighting
 15789 | D:8      | Bought 2 scrolls of teleportation for 78 gold pieces
 15857 | D:8      | Defeated morazor's ghost
 16160 | D:8      | Identified the hand axe of the Brain {drain, rF+} (You found it on level 8 of the Dungeon)
 16651 | D:9      | Noticed Erolcha
 16773 | D:9      | Noticed Prince Ribbit
 16775 | D:9      | Found Troehona's Distillery.
 16785 | D:9      | Bought 2 potions of heal wounds for 90 gold pieces
 16785 | D:9      | Bought a potion of heal wounds for 45 gold pieces
 16785 | D:9      | Bought 2 potions of heal wounds for 90 gold pieces
 16785 | D:9      | Bought a potion of confusion for 1 gold piece
 16808 | D:9      | Paralysed by it for 7 turns
 16830 | D:9      | Reached skill level 1 in Unarmed Combat
 16835 | D:9      | Defeated Erolcha
 16851 | D:9      | Defeated Prince Ribbit
 17020 | D:9      | Found a shimmering altar of Xom.
 17022 | D:9      | Found a shimmering altar of Xom.
 17022 | D:9      | Found a shimmering altar of Xom.
 17025 | D:9      | Found a shimmering altar of Xom.
 17026 | D:9      | Found a shimmering altar of Xom.
 17026 | D:9      | Found a shimmering altar of Xom.
 17031 | D:9      | Noticed a boring beetle
 17067 | D:9      | A boring beetle changed into a trapdoor spider
 17069 | D:9      | A trapdoor spider changed into a queen bee
 17075 | D:9      | Defeated a queen bee
 17411 | D:9      | Noticed Maurice
 17519 | D:9      | Defeated Maurice
 17853 | D:10     | Entered Level 10 of the Dungeon
 17867 | D:10     | Paralysed by a giant eyeball for 4 turns
 18023 | D:10     | Noticed Nuz's ghost (powerful DEFE)
 18024 | D:10     | Reached skill level 5 in Invocations
 18051 | D:10     | Defeated Nuz's ghost
 18086 | D:9      | Reached XP level 12. HP: 73/94 MP: 18/19
 18481 | D:9      | Found a burning altar of Makhleb.
 18909 | D:10     | Reached skill level 10 in Fighting
 19009 | D:10     | Received a gift from Okawaru
 19377 | D:10     | Noticed Urug
 19377 | D:10     | Reached skill level 10 in Dodging
 19387 | D:10     | Defeated Urug
 19469 | D:10     | Noticed Harold
 19481 | D:10     | Reached skill level 5 in Stealth
 19505 | D:10     | Defeated Harold
 19974 | D:10     | Found a burning altar of Makhleb.
 20135 | D:11     | Learned a level 2 spell: Repel Missiles
 20433 | D:11     | Reached skill level 1 in Air Magic
 20433 | D:11     | Reached skill level 1 in Charms
 20651 | D:11     | Gained mutation: Your vision is a little blurry.
 20691 | D:11     | Gained mutation: You cover ground slowly.
 20693 | D:11     | Lost mutation: You cover ground slowly.
 20693 | D:11     | Lost mutation: Your vision is a little blurry.
 20950 | D:11     | Noticed Erica
 21310 | D:11     | Defeated Erica
 22101 | D:11     | Reached skill level 11 in Dodging
 22511 | D:11     | Reached skill level 12 in Dodging
 22902 | D:11     | Reached skill level 1 in Long Blades
 22908 | D:11     | Received a gift from Okawaru
 22960 | D:11     | Reached XP level 13. HP: 105/105 MP: 19/21
 23137 | D:12     | Reached skill level 10 in Bows
 23640 | D:12     | Reached skill level 5 in Long Blades
 23709 | D:12     | Received a gift from Okawaru
 24083 | D:12     | Received a gift from Okawaru
 24425 | D:13     | Noticed Sonja
 24438 | D:13     | Defeated Sonja
 24956 | D:13     | Found a staircase to the Lair.
 24983 | Lair:1   | Entered Level 1 of the Lair of Beasts
 25841 | Lair:1   | Got a faintly glowing great sword
 25842 | Lair:1   | Identified the great sword of Purpose {drain, Dex+3} (You found it on level 1 of the Lair of Beasts)
 26343 | Lair:1   | Received a gift from Okawaru
 26954 | Lair:2   | Got a pair of transparent boots
 26958 | Lair:2   | Identified the cursed +2 pair of boots of the Lobster (You found it on level 2 of the Lair of Beasts)
 26985 | Lair:2   | Got a heavily runed leather armour
 26995 | Lair:2   | Identified the +2 leather armour "Zaketsua" (You found it on level 2 of the Lair of Beasts)
 27208 | Lair:2   | Reached XP level 14. HP: 111/111 MP: 23/23
 27308 | Lair:2   | Found a staircase to the Swamp.
 27554 | Lair:2   | Received a gift from Okawaru
 27631 | Lair:2   | Found a dark tunnel.
 27636 | Volcano  | Entered a volcano
 29542 | Lair:4   | Got an iridescent flail
 29850 | Lair:5   | Learned a level 3 spell: Berserker Rage
 29927 | Lair:5   | Received a gift from Okawaru
 29960 | Lair:5   | Identified the flail "Uwus" {flame, rC+ Dex+3} (You found it on level 4 of the Lair of Beasts)
 30045 | Lair:5   | Gained mutation: Your mind is acute (Int +1).
 30206 | Lair:5   | Received a gift from Okawaru
 30348 | Lair:5   | Reached skill level 10 in Long Blades
 30480 | Lair:5   | Received a gift from Okawaru
 30682 | Lair:6   | Found a staircase to the Shoals.
 31315 | Lair:5   | Received a gift from Okawaru
 31316 | Lair:5   | Got a warped dagger {god gift}
 31321 | Lair:5   | Identified the dagger "Oluetuir" {god gift, slay orc, rN+} (Okawaru gifted it to you on level 5 of the Lair of Beasts)
 31586 | D:9      | Bought a potion of strong poison for 1 gold piece
 31739 | D:8      | Bought a scroll of identify for 26 gold pieces
 31739 | D:8      | Bought a scroll of enchant armour for 62 gold pieces
 31739 | D:8      | Bought a scroll of identify for 26 gold pieces
 31739 | D:8      | Bought a scroll of identify for 26 gold pieces
 31739 | D:8      | Bought a scroll of remove curse for 39 gold pieces
 31739 | D:8      | Bought a scroll of teleportation for 39 gold pieces
 31739 | D:8      | Bought a scroll of teleportation for 39 gold pieces
 31739 | D:8      | Bought a scroll of teleportation for 39 gold pieces
 31790 | D:6      | Bought a metal-bound book for 360 gold pieces
 31790 | D:6      | Bought an ichor-stained scale mail for 319 gold pieces
 31802 | D:6      | Identified the +0 scale mail "Mnapnovvum" (You bought it in a shop on level 6 of the Dungeon)
 32839 | Lair:7   | Found a staircase to the Slime Pits.
 32958 | Lair:8   | Entered Level 8 of the Lair of Beasts
 33603 | Lair:8   | Reached XP level 15. HP: 83/121 MP: 11/24
 33636 | Lair:8   | Received a gift from Okawaru
 33645 | Lair:8   | Identified a +1 cloak of preservation {god gift} (Okawaru gifted it to you on level 8 of the Lair of Beasts)
 33791 | Lair:8   | Reached skill level 13 in Bows
 33866 | Lair:8   | Reached skill level 5 in Air Magic
 33954 | Lair:8   | Got a crude quarterstaff
 35723 | Lair:8   | Reached skill level 5 in Charms
 36087 | Lair:8   | Received a gift from Okawaru
 36183 | Lair:8   | Identified the quarterstaff of Treideylets {slay orc, +Rage rN+ Str+1} (You found it on level 8 of the Lair of Beasts)
 37529 | Orc:3    | Noticed an orc warlord
 37869 | Orc:2    | Defeated an orc warlord
 37869 | Orc:2    | Reached XP level 16. HP: 102/127 MP: 21/25
 38152 | Orc:3    | Reached XP level 15. HP: 121/121 MP: 23/24
 38284 | Orc:4    | Entered Level 4 of the Orcish Mines
 38354 | Orc:4    | Received a gift from Okawaru
 38380 | Orc:4    | Noticed a two-headed ogre
 38386 | Orc:4    | Defeated a two-headed ogre
 38519 | Orc:4    | Noticed an orc high priest
 38522 | Orc:4    | Reached skill level 14 in Bows
 38527 | Orc:4    | Defeated an orc high priest
 38527 | Orc:4    | Reached XP level 16. HP: 122/127 MP: 23/25
 38625 | Orc:3    | Found Dyagomeg's Antique Weapon Emporium.
 38958 | Orc:3    | Received a gift from Okawaru
 39170 | Orc:4    | Found a staircase to the Elven Halls.
 39175 | Orc:4    | Noticed a cyclops
 39187 | Orc:4    | Defeated a cyclops
 39249 | Orc:4    | Found Opnaciuk's General Store.
 39249 | Orc:4    | Noticed a two-headed ogre
 39250 | Orc:4    | Noticed a cyclops
 39252 | Orc:4    | Noticed a two-headed ogre
 39252 | Orc:4    | Noticed a two-headed ogre
 39253 | Orc:4    | Noticed a two-headed ogre
 39253 | Orc:4    | Noticed an ogre mage
 39253 | Orc:4    | Noticed a rock troll
 39256 | Orc:4    | Defeated a two-headed ogre
 39259 | Orc:4    | Noticed a two-headed ogre
 39259 | Orc:4    | Noticed a two-headed ogre
 39260 | Orc:4    | Noticed a cyclops
 39267 | Orc:4    | Defeated a two-headed ogre
 39268 | Orc:4    | Noticed a rock troll
 39312 | Orc:4    | Defeated a two-headed ogre
 39319 | Orc:4    | Defeated a rock troll
 39343 | Orc:4    | Defeated a rock troll
 39360 | Orc:4    | Defeated a cyclops
 39378 | Orc:4    | Defeated a two-headed ogre
 39391 | Orc:4    | Defeated a cyclops
 39400 | Orc:4    | Defeated an ogre mage
 39418 | Orc:4    | Defeated a two-headed ogre
 39424 | Orc:4    | Noticed an ogre mage
 39427 | Orc:4    | Defeated an ogre mage
 39463 | Orc:4    | Found Kan Edaj's Antique Armour Shop.
 39503 | Orc:4    | Found Aquacin's Assorted Antiques.
 39505 | Orc:4    | Found Bromuem's Magical Wand Boutique.
 39606 | Orc:4    | Bought a scroll labeled QYGITA NAFUEF {tried} for 22 gold pieces
 39606 | Orc:4    | Bought a potion of healing for 44 gold pieces
 39606 | Orc:4    | Bought a scroll of identify for 44 gold pieces
 39614 | Orc:4    | Bought a wand of cold (10) for 264 gold pieces
 39614 | Orc:4    | Bought a wand of disintegration (6) for 195 gold pieces
 39650 | Orc:4    | Defeated a two-headed ogre
 39657 | Orc:4    | Received a gift from Okawaru
 39809 | Elf:1    | Entered Level 1 of the Elven Halls
 40006 | Elf:1    | You are cast into the Abyss!
 40006 | Elf:1    | Cast into the Abyss (deep elf demonologist)
 40006 | Abyss    | Entered The Abyss
 40094 | Abyss    | Received a gift from Okawaru
 40124 | Abyss    | Received a gift from Okawaru
 40316 | Abyss    | Noticed a soul eater
 40319 | Abyss    | Noticed a stone golem
 40502 | Abyss    | Noticed a wizard
 40520 | Abyss    | Defeated a wizard
 40703 | Abyss    | Noticed a green draconian
 40727 | Abyss    | Noticed a tormentor
 40990 | Abyss    | Noticed a great orb of eyes
 41003 | Abyss    | Noticed a Pit Fiend
 41010 | Abyss    | Paralysed by a great orb of eyes for 6 turns
 41270 | Abyss    | Noticed a Pit Fiend
 41375 | Abyss    | Noticed a purple ugly thing
 41376 | Abyss    | Noticed a purple ugly thing
 41521 | Abyss    | Noticed a soul eater
 41552 | Abyss    | Noticed a grey draconian simulacrum
 41606 | Abyss    | Noticed a Daeva
 41646 | Abyss    | Slain by a large abomination
